 Dungeon Crawl Stone Soup version 0.29.1-13-g9f3cf754e1 (webtiles) character file.

Game seed: 4524690776697843353

37 Heoruswealwe the Grave Robber (level 3, -1/19 HPs)
             Began as a Deep Elf Necromancer on Feb 1, 2023.
             Slain by a giant cockroach (2 damage)
             ... on level 3 of the Dungeon.
             The game lasted 00:30:18 (1806 turns).

Heoruswealwe the Grave Robber (DENe)                Turns: 1806, Time: 00:30:18

Health: -1/19      AC:  4    Str:  4 (5)  XL:     3   Next: 21%
Magic:  7/9        EV: 13    Int: 21      God:
Gold:   34         SH:  5    Dex: 15      Spells: 7/8 levels left

rFire   . . .      SeeInvis .   n - +0 dagger
rCold   . . .      Faith    .   (no shield)
rNeg    . . .      Spirit   .   a - +0 robe
rPois   .          Reflect  +   (no helmet)
rElec   .          Harm     .   (no cloak)
rCorr   .          Rampage  .   r - +0 pair of gloves
Will    .....                   u - +0 pair of boots
Stlth   ++........              j - amulet of reflection
HPRegen 0.06/turn               c - ring of flight
MPRegen 0.11/turn               (no ring)

@: flying
A: no striking features
a: no special abilities


You were on level 3 of the Dungeon.
You visited 1 branch of the dungeon, and saw 3 of its levels.

You collected 34 gold pieces.

Inventory:

Hand Weapons
 h - a +0 spear
 m - a +3 vorpal hand axe
 n - a +0 dagger (weapon)
 s - a +0 club
 t - a +0 spear
 w - a +0 mace
 x - a +0 club
 y - a +4 dagger
Missiles
 g - 30 stones
 o - 6 poisoned darts
Armour
 a - a +0 robe (worn)
 e - a +0 robe
 f - a +0 leather armour
 i - a +0 ring mail
 k - a +0 robe
 l - a +0 ring mail
 r - a +0 pair of gloves (worn)
 u - a +0 pair of boots (worn)
 v - a +0 robe
 z - a +0 leather armour
Jewellery
 c - a ring of flight (left hand)
 d - an amulet of guardian spirit
 j - an amulet of reflection (around neck)
Wands
 q - a wand of charming (10)
Potions
 p - 2 potions of curing


   Skills:
 + Level 3.0 Dodging
 + Level 3.3 Stealth
 - Level 3.2 Spellcasting
 - Level 5.3 Necromancy


You had 7 spell levels left.
You knew the following spells:

 Your Spells              Type           Power      Damage    Failure   Level
a - Necrotise             Necr           100%       1d9       1%          1

Your spell library contained the following spells:

 Spells                   Type           Power      Damage    Failure   Level
 Vampiric Draining        Necr           25%        2d7       4%          3
 Animate Dead             Necr           25%        N/A       14%         4
 Agony                    Necr           25%        N/A       38%         5


Dungeon Overview and Level Annotations

Branches:
Dungeon (3/15)

Altars:
Trog
Xom


Message History

You can't see any susceptible monsters within range! (Use Z to cast anyway.)
* * * LOW HITPOINT WARNING * * *
You feel sick.
The ball python bites your kobold skeleton.
The ball python constricts your kobold skeleton.
Your kobold skeleton closely misses the ball python.
* * * LOW HITPOINT WARNING * * *
You feel sick.
The ball python loses its grip on your kobold skeleton.
Your kobold skeleton closely misses the ball python.
Casting: Necrotise (safe; 1% risk of failure)
Confirm with . or Enter, or press ? or * to list all spells.
Aiming: Necrotise (safe; 1% risk of failure)
Press: ? - help, Shift-Dir - straight line, f/p - ball python
Aim: a ball python (moderately wounded, ally target, chance to affect: 93%)
The ball python barely resists.
* * * LOW HITPOINT WARNING * * *
You feel sick.
You are no longer poisoned.
Magic courses through your body.
Casting: Necrotise (safe; 1% risk of failure)
Confirm with . or Enter, or press ? or * to list all spells.
Aiming: Necrotise (safe; 1% risk of failure)
Press: ? - help, Shift-Dir - straight line, f/p - ball python
Aim: a ball python (moderately wounded, ally target, chance to affect: 93%)
The ball python writhes in agony!
You kill the ball python!
The dead are slithering!
The giant cockroach misses you.
Your kobold skeleton hits the giant cockroach but does no damage.
Casting: Necrotise (safe; 1% risk of failure)
Confirm with . or Enter, or press ? or * to list all spells.
Aiming: Necrotise (safe; 1% risk of failure)
Press: ? - help, Shift-Dir - straight line, f - giant cockroach
Aim: a giant cockroach (ally target, chance to affect: 93%)
The giant cockroach barely resists.
The giant cockroach barely misses you.
Your kobold skeleton completely misses the giant cockroach.
Your ball python skeleton closely misses the giant cockroach. x2
The giant cockroach attacks as you move away!
The giant cockroach bites you.
You die...

########
#......#
#......#
#..@...####
##...BZ)...#
#....Z.....$
#.#####.....
#<..........
#....#####...#
###### ###


You could see a giant cockroach (ally target), a friendly ball python skeleton
and a friendly kobold skeleton.

Vanquished Creatures
  An adder (D:2)
  A worm (D:2)
  4 endoplasms
  2 giant cockroaches (D:2)
  2 hobgoblins (D:1)
  2 kobolds
  2 quokkas (D:1)
  3 ball pythons
  A goblin (D:2)
  3 rats
21 creatures vanquished.

Vanquished Creatures (collateral kills)
  A goblin (D:2)
1 creature vanquished.

Grand Total: 22 creatures vanquished

Notes
Turn   | Place    | Note
-------+----------+-------------------------------------------
     0 | D:1      | Heoruswealwe the Deep Elf Necromancer began the quest for
                  | the Orb.
     0 | D:1      | Reached XP level 1. HP: 10/10 MP: 6/6
   278 | D:1      | Reached skill level 5 in Necromancy
   712 | D:1      | Reached XP level 2. HP: 15/15 MP: 6/8
   859 | D:1      | Found a faded altar of an unknown god.
   881 | D:1      | Prayed at the altar of an unknown god.
   881 | D:1      | Became a worshipper of Trog the Wrathful
   881 | D:1      | Reached * piety under Trog
   883 | D:1      | Fell from the grace of Trog
  1449 | D:2      | Found a shimmering altar of Xom.
  1757 | D:2      | Reached XP level 3. HP: 14/19 MP: 0/9
  1806 | D:3      | Slain by a giant cockroach

Illustrated notes

Levels and vault maps discovered:
D:1:      nzn_arrival_settlement, layout_basic,
          hellmonk_ecumenical_altar_slurped_away
D:2:      layout_loops_corners, basic_altar
D:3:      layout_rooms, old_standard_altar, grunt_decor_clamped

Skill      XL: |  1  2 |
---------------+-------+-----
Necromancy     | 5 |  5.3
Stealth        | 3 |  3.3
Dodging        | 3 |  3.0
Spellcasting   | |  3.2

Action                   || total
-------------------------++-------
 Cast: Necrotise         ||    38
Invok: Renounce Religion ||     1
  Use: Scroll            ||     4
       Potion            ||     4
Armor: Robe              ||     1
Dodge: Dodged            ||     5
Block: Other             ||     3
       Reflection        ||     1
